 Dungeon Crawl Stone Soup version 0.30-a0-591-g3c58d2bc28 (webtiles) character file.

Game seed: 9710959579405561723

4634 funkygono the Arsonist (level 10, -3/64 HPs)
             Began as a Demonspawn Fire Elementalist on Jan 4, 2023.
             Was a Follower of Vehumet.
             Slain by an orc knight
             ... wielding a +0 halberd
              (25 damage)
             ... in a bailey.
             The game lasted 00:16:49 (9810 turns).

funkygono the Arsonist (DsFE)                       Turns: 9810, Time: 00:16:50

Health: -3/64      AC:  6    Str:  9    XL:     10   Next: 20%
Magic:  20/31      EV: 16    Int: 20    God:    Vehumet [*.....]
Gold:   968        SH:  0    Dex: 14    Spells: 15/26 levels left

rFire   . . .      SeeInvis +    u - +1 flail (protect)
rCold   . . .      Faith    .    (no shield)
rNeg    . . .      Spirit   .    a - +0 robe
rPois   .          Reflect  .    (helmet restricted)
rElec   .          Harm     .    y - +1 cloak
rCorr   .          Rampage  .    o - +1 pair of gloves
Will    .....                    (no boots)
Stlth   ++                       (no amulet)
HPRegen 0.30/turn                j - ring of magical power
MPRegen 0.44/turn                n - ring of see invisible

@: no status effects
A: horns 1, repulsion field 2, magic regeneration, demonic magic 1
a: Renounce Religion


You were in a bailey.
You worshipped Vehumet.
Vehumet was aware of your devotion.
You visited 2 branches of the dungeon, and saw 10 of its levels.
You also visited: Bailey.

You collected 968 gold pieces.

Inventory:

Hand Weapons
 g - a +0 whip
 u - a +1 flail of protection (weapon)
 F - a +4 long sword of freezing
 H - a +5 scimitar
 I - a +5 long sword
Armour
 a - a +0 robe (worn)
 e - a +0 ring mail
 f - a +0 leather armour
 o - a +1 pair of gloves (worn)
 y - a +1 cloak (worn)
 B - a +2 kite shield
 K - a +4 chain mail
Magical Staves
 t - a staff of poison
 A - a staff of fire
Jewellery
 h - a +6 ring of strength
 j - a ring of magical power (left hand)
 l - a ring of positive energy
 n - a ring of see invisible (right hand)
 v - a ring of ice
Wands
 E - a wand of mindburst (9)
Scrolls
 c - 4 scrolls of teleportation
 m - 2 scrolls of fear
 r - a scroll of silence
 J - a scroll of vulnerability {unknown}
Potions
 b - 5 potions of magic
 d - 4 potions of cancellation
 i - a potion of flight
 k - a potion of invisibility {unknown}
 p - a potion of resistance
 q - a potion of berserk rage
 s - 6 potions of heal wounds
 w - 3 potions of brilliance
 x - 2 potions of curing
 z - 3 potions of might {unknown}
 C - 2 potions of attraction
 D - 2 potions of mutation {unknown}
 G - 2 potions of haste {unknown}
 L - a potion of experience {unknown}


   Skills:
 + Level 0.7 Fighting
 + Level 1.9 Maces & Flails
 + Level 3.4 Dodging
 - Level 1.7 Stealth
 + Level 8.9 Spellcasting
 + Level 5.5 Conjurations
 + Level 9.0 Fire Magic


You had 15 spell levels left.
You knew the following spells:

 Your Spells              Type           Power      Damage    Failure   Level
a - Foxfire               Conj/Fire      100%       2x1d9     1%          1
b - Scorch                Fire           90%        2d10      1%          2
c - Kindle Blastsparks    Fire/Tloc/Air  42%        2d13      7%          3
d - Flame Wave            Conj/Fire      38%        2d10      3%          4
e - Magic Dart            Conj           100%       1d8       1%          1

Your spell library contained the following spells:

 Spells                   Type           Power      Damage    Failure   Level
 Inner Flame              Hex/Fire       27%        N/A       3%          3
 Apportation              Tloc           16%        N/A       8%          1
 Necrotise                Necr           32%        1d5       8%          1
 Slow                     Hex            32%        N/A       8%          1
 Summon Small Mammal      Summ           32%        N/A       8%          1
 Ensorcelled Hibernation  Hex/Ice        16%        N/A       12%         2
 Passwall                 Tmut/Erth      6%         N/A       12%         2
 Sublimation of Blood     Necr           8%         N/A       12%         2
 Wereblood                Tmut           8%         N/A       12%         2
 Confusing Touch          Hex            8%         N/A       24%         3
 Swiftness                Air            8%         N/A       24%         3
 Vampiric Draining        Necr           8%         2d6       24%         3
 Summon Hydra             Summ           4%         N/A       100%        7


Dungeon Overview and Level Annotations

Branches:
Dungeon (9/15)             Temple (1/1) D:5            Lair (0/5) D:8
 Bailey (1/1)
    Orc: D:9-12

Altars:
Ashenzari
Cheibriados
Dithmenos
Fedhas
Gozag
Hepliaklqana
Kikubaaqudgha
Makhleb
Okawaru
Qazlal
Ru
Trog
Uskayaw
Vehumet
Wu Jian
Xom
Yredelemnul


Innate Abilities, Weirdness & Mutations

You have a pair of small horns on your head.
You are surrounded by a moderate repulsion field. (EV +3)
You regenerate magic rapidly.
Spells you cast may paralyse adjacent enemies.


Message History

Casting: Scorch (safe; 1% risk of failure)
Confirm with . or Enter, or press ? or * to list all spells.
You conjure some foxfire!
Malevolent energies surge around you. The orc knight barely misses you.
Casting: Foxfire (safe; 1% risk of failure)
Confirm with . or Enter, or press ? or * to list all spells.
Flames lash the gnoll.
The gnoll is burned terribly!
You kill the gnoll!
Vehumet accepts your kill.
You feel your power returning. Malevolent energies surge around you.
The foxfire hits the orc knight!
The orc knight is burned terribly!
The orc knight is severely wounded.
The foxfire hits the orc knight.
The orc knight is severely wounded.
The orc knight hits you from afar with a +0 halberd.
Unknown command.
Casting: Scorch (safe; 1% risk of failure)
Confirm with . or Enter, or press ? or * to list all spells.
You conjure some foxfire!
Malevolent energies surge around you.
The orc knight is no longer more vulnerable to fire.
An orc comes into view. It is wielding a +0 spear.
The orc knight barely misses you.
Casting: Foxfire (safe; 1% risk of failure)
Confirm with . or Enter, or press ? or * to list all spells.
Flames lash the orc knight.
The orc knight is almost dead.
The orc knight's fire resistance burns away.
Malevolent energies surge around you.
You hear a shout!
The foxfire hits the orc knight.
The orc knight is burned terribly!
The orc knight is almost dead.
The foxfire hits the orc knight.
The orc knight is almost dead.
The orc knight closely misses you.
Unknown command.
Casting: Scorch (safe; 1% risk of failure)
Confirm with . or Enter, or press ? or * to list all spells.
You conjure some foxfire!
Malevolent energies surge around you.
The orc knight hits you from afar with a +0 halberd!!
You die...

#'##'##)#
#'##'##)##
#.# #)# #.#.#
#)###.# ##
### ### ###
#'# #g#.#
#.###.# +##'
+# #'##'##'##
#!.. #.....##
#....
###.....###
+..⌠.
#)'..§..'.#
....
###.@v..###
..# ##.§v..##
#'###o##'##)#
#.)o###.###.#
##### ### ##


You could see an orc knight (combustible, ally target) and an orc.

Vanquished Creatures
  3 yaks
  A steam dragon (D:8)
  Edmund (D:4)
  3 water moccasins
  An ice beast (D:6)
  2 sky beasts
  An orc warrior (D:7)
  3 black bears
  4 centaurs
  2 phantoms
  8 bullfrogs
  2 necrophages (D:6)
  5 scorpions
  13 wights
  7 hounds
  2 orc priests
  3 jellies
  Jessica (D:2)
  6 iguanas
  6 orc wizards
  6 adders
  9 gnolls (Bailey)
  A white imp (D:3)
  2 ufetubi
  3 worms
  A dart slug (D:4)
  33 orcs
  7 ball pythons
  5 bats
  7 endoplasms
  A giant cockroach (D:2)
  2 goblins
  10 hobgoblins
  3 jackals (D:4)
  3 frilled lizards
  5 kobolds
  7 rats
179 creatures vanquished.

Vanquished Creatures (collateral kills)
  5 foxfires (D:8)
5 creatures vanquished.

Vanquished Creatures (others)
  622 foxfires
  7 fungi (D:8)
  10 plants (D:8)
639 creatures vanquished.

Grand Total: 823 creatures vanquished

Notes
Turn   | Place    | Note
-------+----------+-------------------------------------------
     0 | D:1      | funkygono the Demonspawn Fire Elementalist began the quest
                  | for the Orb.
     0 | D:1      | Reached XP level 1. HP: 13/13 MP: 3/3
   283 | D:1      | Reached skill level 3 in Fire Magic
   311 | D:1      | Gained mutation: You have a pair of small horns on your
                  | head. [demonic ancestry]
   311 | D:1      | Reached XP level 2. HP: 19/19 MP: 1/5
   314 | D:1      | Learned a level 2 spell: Scorch
  1320 | D:2      | Reached XP level 3. HP: 24/24 MP: 3/6
  1324 | D:2      | Learned a level 3 spell: Kindle Blastsparks
  1349 | D:2      | Noticed Jessica
  1352 | D:2      | Killed Jessica
  1566 | D:2      | Reached XP level 4. HP: 30/30 MP: 5/8
  2765 | D:3      | You fall into a shaft and drop 2 floors!
  2765 | D:5      | Entered Level 5 of the Dungeon
  2782 | D:4      | Reached skill level 4 in Fire Magic
  2873 | D:4      | Gained mutation: You are surrounded by a mild repulsion
                  | field. (EV +2) [demonic ancestry]
  2873 | D:4      | Reached XP level 5. HP: 35/35 MP: 0/9
  3732 | D:4      | Gained mutation: You regenerate magic rapidly. [demonic
                  | ancestry]
  3732 | D:4      | Reached XP level 6. HP: 41/41 MP: 5/11
  3829 | D:4      | Noticed Edmund
  3845 | D:4      | Killed Edmund
  3846 | D:4      | Reached skill level 5 in Fire Magic
  4263 | D:4      | Learned a level 4 spell: Flame Wave
  4353 | D:5      | Noticed a water moccasin
  4357 | D:5      | Killed a water moccasin
  4358 | D:5      | Reached XP level 7. HP: 46/46 MP: 5/13
  4625 | D:5      | Found a staircase to the Ecumenical Temple.
  4748 | Temple   | Entered the Ecumenical Temple
  5050 | Temple   | Became a worshipper of Vehumet
  5201 | D:5      | Found a shimmering altar of Xom.
  5203 | D:5      | Found a shimmering altar of Xom.
  5204 | D:5      | Found a shimmering altar of Xom.
  5224 | D:5      | Found a shimmering altar of Xom.
  5224 | D:5      | Found a shimmering altar of Xom.
  5315 | D:5      | Reached skill level 5 in Spellcasting
  5753 | D:5      | Identified a scroll of acquirement
  5753 | D:5      | Acquired 590 gold pieces
  5824 | D:6      | Reached skill level 1 in Maces & Flails
  5828 | D:6      | Reached skill level 6 in Fire Magic
  5847 | D:6      | Gained mutation: You are surrounded by a moderate repulsion
                  | field. (EV +3) [demonic ancestry]
  5847 | D:6      | Reached XP level 8. HP: 34/52 MP: 6/16
  6583 | D:6      | Found an ornate altar of the Wu Jian Council.
  6583 | D:6      | Found a basalt altar of Yredelemnul.
  6834 | D:7      | Reached skill level 7 in Fire Magic
  6836 | D:7      | HP: 2/53 [orc priest/divine providence (13)]
  7028 | D:7      | Gained mutation: Spells you cast may paralyse adjacent
                  | enemies. [demonic ancestry]
  7028 | D:7      | Reached XP level 9. HP: 44/58 MP: 19/19
  7332 | D:7      | Reached * piety under Vehumet
  7332 | D:7      | Offered knowledge of Magic Dart by Vehumet.
  7512 | D:7      | HP: 2/58 [centaur/arrow (14)]
  8024 | D:8      | Reached skill level 8 in Fire Magic
  8029 | D:8      | Reached skill level 5 in Conjurations
  8125 | D:8      | Found a staircase to the Lair.
  8751 | D:8      | Reached XP level 10. HP: 45/64 MP: 22/22
  9060 | D:8      | Learned a level 1 spell: Magic Dart
  9097 | D:9      | Found a flagged portal.
  9209 | D:9      | Reached skill level 9 in Fire Magic
  9297 | Bailey   | Entered a bailey
  9791 | Bailey   | Noticed an orc knight
  9810 | Bailey   | Slain by an orc knight

Illustrated notes

Levels and vault maps discovered:
D:1:      tarquinn_simple_flora_water_c, layout_loops_cross,
          minmay_misc_feat_tower
D:2:      layout_basic, uniq_jessica
D:3:      layout_basic, chequers_serial_rivers_room_b
D:4:      layout_loops_cross, minmay_large_rounded_square,
          minmay_misc_feat_plants, uniq_edmund
D:5:      layout_loops_cross, xom_redecorated, minmay_temple_entry_glassed_door
D:6:      layout_loops_ring, nicolae_overflow_hidden_temple, corner_web_ring
D:7:      layout_loops_cross
D:8:      layout_loops_corners, due_lair_maze_entry_diamond
D:9:      layout_roguey, mainiacjoe_overflow_brackets, enter_bailey_8, uniq_grum
Temple:   minmay_temple_bridge_d
Bailey:   bailey_polearm_nasty_gnolls, bailey

Skill      XL: |  1  2  3  4  5  6  7  8  9 10 |
---------------+-------------------------------+-----
Fire Magic     | 3 4 5 6 7 8 9 |  9.0
Spellcasting   | 3 4 5 6 8 |  8.9
Conjurations   | 2 3 4 5 |  5.5
Dodging        | 2 3 |  3.4
Maces & Flails | 1 |  1.9
Fighting       | |  0.7
Stealth        | |  1.7

Action                   |  1- 3 |  4- 6 |  7- 9 | 10-12 || total
-------------------------+-------+-------+-------+-------++-------
Melee: Whip              |     1 |     1 |       |       ||     2
       Flail             |       |     5 |    14 |     3 ||    22
       Headbutt          |       |       |     5 |       ||     5
 Cast: Foxfire           |    47 |   118 |   126 |    72 ||   363
       Scorch            |       |    18 |    63 |    11 ||    92
       Flame Wave        |       |       |     3 |     3 ||     6
       Kindle Blastspark |       |       |       |     1 ||     1
  Use: Potion            |       |     1 |       |       ||     1
       Scroll            |       |       |    20 |     1 ||    21
 Stab: Paralysed         |       |       |     2 |       ||     2
Armor: Robe              |     2 |     3 |    16 |     5 ||    26
Dodge: Dodged            |     8 |    19 |    47 |    44 ||   118

Table legend: (Time is in decaauts)
 A = Elapsed time spent in this place.
 B = Non-inter-level travel time spent in this place.
 C = Inter-level travel time spent in this place.
 D = Time resting spent in this place.
 E = Time spent auto-exploring this place.
 F = Levels seen in this place.
 G = Mean time per level.
                   A        B        C        D        E       F      G
               +--------+--------+--------+--------+--------+-----+--------+
         Total |   9821 |   9152 |    669 |    562 |   7081 |  11 |  892.8 |
       Dungeon |   8932 |   8414 |    518 |    324 |   6870 |   9 |  992.4 |
        Temple |    375 |    225 |    150 |      0 |    211 |   1 |  375.0 |
        Bailey |    512 |    512 |      0 |    238 |      0 |   1 |  512.0 |
               +--------+--------+--------+--------+--------+-----+--------+

Top non-repeatable levels by time:
     D:2: 1217 daAuts
     D:4: 1193 daAuts
     D:6: 1154 daAuts
     D:7: 1079 daAuts
     D:1: 1055 daAuts
     D:8: 1044 daAuts
     D:3: 999 daAuts
     D:5: 982 daAuts
  Bailey: 512 daAuts
  Temple: 375 daAuts
     D:9: 206 daAuts
